 Dungeon Crawl Stone Soup version 0.29-a0-8-g0446c0dae4 (webtiles) character file.

Game seed: 12707910351238068753

120 parzival7114810 the Skirmisher (level 5, -2/47 HPs)
             Began as a Hill Orc Fighter on Jan 27, 2022.
             Killed by nerve-wracking pain
             ... invoked by Grinder
              (11 damage)
             ... on level 3 of the Dungeon.
             The game lasted 00:04:47 (3164 turns).

parzival7114810 the Skirmisher (Hill Orc Fighter)   Turns: 3164, Time: 00:04:48

Health: -2/47      AC:  7    Str: 27    XL:     5   Next: 4%
Magic:  5/5        EV:  8    Int:  8    God:
Gold:   90         SH:  8    Dex: 10    Spells: 4/4 levels left

rFire   . . .      SeeInvis .   a - +0 war axe (vorpal)
rCold   . . .      Faith    .   m - +0 kite shield
rNeg    . . .      Spirit   .   b - +0 scale mail
rPois   .          Reflect  .   (no helmet)
rElec   .          Harm     .   (no cloak)
rCorr   +          Rampage  .   (no gloves)
Will    .....                   (no boots)
Stlth   ..........              (no amulet)
HPRegen 0.15/turn               h - +6 ring of strength
MPRegen 0.09/turn               l - ring of resist corrosion

@: no status effects
A: no striking features
a: no special abilities


You were on level 3 of the Dungeon.
You visited 1 branch of the dungeon, and saw 3 of its levels.

You collected 90 gold pieces.

Inventory:

Hand Weapons
 a - a +0 vorpal war axe (weapon)
 j - the +1 mace of Pexemoet {venom, *Slow Will+ Dex+6}
   (You found it on level 2 of the Dungeon)

   It poisons the flesh of those it strikes.
   Dex:       It affects your dexterity (+6).
   *Slow:     It may slow you when you take damage.
   Will:      It increases your willpower.
Armour
 b - a +0 scale mail (worn)
 c - a +1 buckler
 m - a +0 kite shield (worn)
Jewellery
 h - a +6 ring of strength (left hand)
 l - a ring of resist corrosion (right hand)
Scrolls
 e - a scroll of enchant armour
 f - 3 scrolls of fear
 g - a scroll of identify
Potions
 d - 2 potions of might
 i - a potion of heal wounds
 k - 2 potions of curing


   Skills:
 + Level 4.4 Fighting
 + Level 3.9(4.2) Axes
 + Level 1.7(2.7) Maces & Flails
 + Level 3.7 Armour
 + Level 0.3 Dodging
 + Level 0.5 Stealth
 + Level 3.9 Shields


You had 4 spell levels left.
You didn't know any spells.
Your spell library contained the following spells:

 Spells                   Type           Power      Damage    Failure   Level
 Beastly Appendage        Tmut           0%         N/A       96%         1
 Slow                     Hex            0%         N/A       96%         1
 Wereblood                Tmut           0%         N/A       99%         2
 Confusing Touch          Hex            0%         N/A       100%        3
 Spider Form              Tmut/Pois      0%         N/A       100%        3
 Vampiric Draining        Necr           0%         2d6       100%        3


Dungeon Overview and Level Annotations

Branches:
Dungeon (3/15)

Altars:

Shops:
D:1 [

Annotations:
D:3 Grinder


Message History

You kill the ball python!
You see here a ball python corpse.
You open the door.
There is an open door here.
Found a stone staircase leading up.
Grinder comes into view.
Found a leather armour.
Grinder shouts!
Grinder grins, showing sharp teeth.
Grinder hits you!
You writhe in agony.
Grinder barely misses you.
You slash Grinder!
Grinder is heavily wounded.
Grinder hits you but does no damage. Grinder gestures at you.
You suddenly lose the ability to move!
Grinder hits you!
You writhe in agony.
Grinder barely misses you. Grinder hits you. Grinder gestures at you.
You barely resist. Grinder hits you. x2
You writhe in agony.
You can move again.
You closely miss Grinder.
Grinder is heavily wounded.
Grinder blinks!
Unknown command.
You hit Grinder.
Grinder is heavily wounded.
Grinder barely misses you. Grinder closely misses you.
You hit Grinder.
Grinder is severely wounded.
Grinder hits you.
You writhe in agony.
* * * LOW HITPOINT WARNING * * *
You barely miss Grinder.
Grinder is severely wounded.
Grinder gestures at you. Pain shoots through your body!
You die...

..##.#.###.### ##########
.............. #........#
.##.....#.### ..# #........# #
#....##.# ... #...[....##.#
#.......# # #.#####..........
###.##### . .....##........# #.#
# # #.##.##.......5# ##'## # #
#.##.##.......@## ##...## #
###.##.####.......# ##..[..## #
#.#....# #####.#.# ##.......## #
...##..#######....###....)....###
....................+.........+..
.......#######.<..###.........###
.......# ##.#.# ##.......## #
######## ###.# ##.....## #
#)[#### .# ##.>.## #


You could see Grinder.

Vanquished Creatures
  Jessica (D:3)
  3 adders
  A worm (D:2)
  2 dart slugs
  9 ball pythons
  3 endoplasms
  A giant cockroach (D:1)
  9 goblins
  2 hobgoblins (D:1)
  9 jackals (D:3)
  3 quokkas
  5 bats
  2 frilled lizards (D:2)
  3 kobolds
  5 rats (D:2)
58 creatures vanquished.

Notes
Turn   | Place    | Note
-------+----------+-------------------------------------------
     0 | D:1      | parzival7114810 the Hill Orc Fighter began the quest for
                  | the Orb.
     0 | D:1      | Reached XP level 1. HP: 19/19 MP: 1/1
   124 | D:1      | Reached XP level 2. HP: 22/27 MP: 2/2
   347 | D:1      | Reached skill level 4 in Fighting
   448 | D:1      | Found Woxzai's Armour Shoppe.
   590 | D:1      | Reached XP level 3. HP: 33/33 MP: 3/3
  1115 | D:2      | Reached XP level 4. HP: 41/41 MP: 4/4
  1229 | D:2      | Identified the +1 mace of Pexemoet {venom, *Slow Will+
                  | Dex+6}
  1461 | D:3      | Noticed Jessica
  1477 | D:3      | Killed Jessica
  1478 | D:3      | Reached skill level 1 in Maces & Flails
  3055 | D:3      | Reached XP level 5. HP: 45/47 MP: 5/5
  3145 | D:3      | Noticed Grinder
  3151 | D:3      | Paralysed by Grinder for 7 turns
  3164 | D:3      | Killed from afar by Grinder

Illustrated notes

Levels and vault maps discovered:
D:1:      dpeg_arrival_more_subterranean_lakeside_camping, layout_rooms,
          serial_shops, shop
D:2:      layout_basic, kennysheep_nondescript
D:3:      minmay_spotlight, layout_loops_corners, uniq_jessica, uniq_grinder

Skill      XL: |  1  2  3  4 |
---------------+-------------+-----
Fighting       | 4 |  4.4
Axes           | 3 |  3.9
Maces & Flails | 1 |  1.7
Armour         | |  3.7
Dodging        | |  0.3
Stealth        | |  0.5
Shields        | |  3.9

Action                   |  1- 3 |  4- 6 || total
-------------------------+-------+-------++-------
Melee: War axe           |    73 |    68 ||   141
       Mace              |       |     8 ||     8
  Use: Potion            |     2 |       ||     2
       Scroll            |     4 |     3 ||     7
Armor: Scale mail        |    76 |    35 ||   111
Dodge: Dodged            |    55 |    37 ||    92
Block: Buckler           |    32 |    28 ||    60
       Kite shield       |       |    12 ||    12

Table legend: (Time is in decaauts)
 A = Elapsed time spent in this place.
 B = Non-inter-level travel time spent in this place.
 C = Inter-level travel time spent in this place.
 D = Time resting spent in this place.
 E = Time spent auto-exploring this place.
 F = Levels seen in this place.
 G = Mean time per level.
                   A        B        C        D        E       F      G
               +--------+--------+--------+--------+--------+-----+--------+
         Total |   3229 |   3214 |     15 |   1238 |   1384 |   3 | 1076.3 |
       Dungeon |   3229 |   3214 |     15 |   1238 |   1384 |   3 | 1076.3 |
               +--------+--------+--------+--------+--------+-----+--------+

Top non-repeatable levels by time:
     D:3: 1925 daAuts
     D:2: 686 daAuts
     D:1: 616 daAuts
